[Event "*** Titled Tuesday Blitz"]
[Site "Chess.com"]
[Date "2018.05.01"]
[Round "6"]
[White "PawnEatingZombie"]
[Black "toad"]
[Result "0-1"]
[WhiteElo "1990"]
[BlackElo "2199"]
[TimeControl "180+2"]
[EndTime "14:21:50 PDT"]
[Termination "toad won by resignation"]

1. d4 Nf6 2. c4 g6 3. Nc3 d5 4. Nf3 Bg7 5. cxd5 Nxd5 6. Bg5 c5 7. Rc1 O-O 8. Nxd5 Qxd5 9. Rxc5 Qxa2 10. Bxe7 Re8 11.
Bg5 Na6 12. Rc1 Bf5 13. e3 Nb4 14. Bc4 Qxb2 15. O-O Rac8 16. Qb3 Qxb3 17. Bxb3 Nd3 18. Rxc8 Rxc8 19. Be7 Bf8 20. Bxf8 Kxf8 21. Bd5 b6 22. Ng5 Nb4 23. Bxf7 Rc2 24. Be6 Bd3 25. Ra1 a5 26.
Nxh7+ Ke7 27. Bb3 Rb2 28. Bd1 Nd5 29. h4 Nc3 30. Bf3 a4 31. g4 b5 32. h5 gxh5 33.
Ng5 hxg4 34. Bxg4 b4 35. Nf3 a3 36. Ne5 Rb1+ 37. Rxb1 Bxb1 38. Nc6+ Kd6 39. Nxb4 Be4 40. f3 Bb7 41. Kf2 Nd5 42. Na2 Ba6 43. Bf5 Bc4 44.
Bb1 Bxa2 45. Bxa2 Nc3 46. Bg8 Nd5 47. e4 a2 48. Bxd5 a1=Q 0-1

[Event "*** Titled Tuesday Blitz"]
[Site "Chess.com"]
[Date "2018.05.01"]
[Round "6"]
[White "GrigorGrigorov"]
[Black "djano"]
[Result "0-1"]
[WhiteElo "2648"]
[BlackElo "2476"]
[TimeControl "180+2"]
[EndTime "14:21:53 PDT"]
[Termination "djano won on time"]

1. d4 Nf6 2. c4 g6 3. Nf3 Bg7 4. g3 O-O 5. Bg2 c6 6. O-O d5 7. Nbd2 Qb6 8. b3 Bf5 9. Bb2 a5 10. Nh4 Bg4 11. h3 Be6 12. Qc2 Na6 13. a3 Rad8 14. e3 Rfe8 15. Bc3 c5 16. cxd5 Nxd5 17. Nc4 Qc7 18. Bxa5 b6 19. Bd2 cxd4 20. Rac1 Nc3 21.
Bxc3 dxc3 22. e4 Bxc4 23. bxc4 Qxc4 24. Rfd1 Nc5 25. Rb1 Rxd1+ 26. Rxd1 Qb3 27. Rc1 Qxc2 28. Rxc2 Rd8 29. Kf1 Rd1+ 30. Ke2 Ra1 31. f4 Rxa3 32. e5 b5 33. Nf3 b4 34. Nd2 f6 35. Nc4 Ra1 36.
Bd5+ e6 37. Bc6 fxe5 38. fxe5 Kf8 39. Ke3 Ke7 40. Rf2 b3 41. Nd6 Bxe5 0-1

[Event "*** Titled Tuesday Blitz"]
[Site "Chess.com"]
[Date "2018.05.01"]
[Round "6"]
[White "Bad4life"]
[Black "Andnar"]
[Result "1-0"]
[WhiteElo "2366"]
[BlackElo "2364"]
[TimeControl "180+2"]
[EndTime "14:21:54 PDT"]
[Termination "Bad4life won by resignation"]

1. e4 c5 2. Nf3 g6 3. d4 cxd4 4. Nxd4 Bg7 5. Nc3 Nc6 6. Be3 Nf6 7. Nxc6 bxc6 8. e5 Ng8 9. Bd4 Nh6 10. e6 O-O 11. Bxg7 Kxg7 12. exf7 Nxf7 13. Be2 d5 14. O-O e5 15. f4 e4 16. Qd4+ Kg8 17. Kh1 Qb6 18. Qf6 Rb8 19. b3 Qd8 20. Qd4 Qb6 21. Qf6 Bb7 22. Rad1 Qd8 23. Qd4 Qb6 24. Qf6 Rbd8 25.
Na4 Qe3 26. Bg4 a5 27. h3 Bc8 28. Rde1 Qa7 29. c4 Nd6 30. Be6+ Bxe6 31. Qxe6+ Qf7 32. cxd5 cxd5 33. Nc5 Nf5 34. Kh2 Rfe8 35. Qa6 Ra8 36. Qb5 e3 37. Nd3 Nd4 38. Qc5 Nf5 39. Ne5 Qe6 40.
g4 Nh4 41. Rxe3 Rac8 42. Qd4 Rc2+ 43. Kh1 Rd8 44. Nc4 Qa6 45. Qd3 dxc4 46. Qxd8+ 1-0

[Event "*** Titled Tuesday Blitz"]
[Site "Chess.com"]
[Date "2018.05.01"]
[Round "6"]
[White "GMMatamoros"]
[Black "jk13"]
[Result "0-1"]
[WhiteElo "2505"]
[BlackElo "2528"]
[TimeControl "180+2"]
[EndTime "14:21:55 PDT"]
[Termination "jk13 won by resignation"]

1. Nf3 Nf6 2. c4 e6 3. g3 d5 4.
Bg2 dxc4 5. Qa4+ c6 6. Qxc4 b5 7. Qb3 Bb7 8. d4 Nbd7 9. Ne5 Nxe5 10. dxe5 Nd7 11. O-O Qb6 12. Nc3 a6 13. Ne4 c5 14.
Bf4 Bd5 15. Qf3 Qb7 16. Rad1 Be7 17. Rxd5 exd5 18. Nd6+ Bxd6 19. exd6 O-O 20. Rd1 Nb6 21. Qh5 f5 22. g4 fxg4 23. Qxg4 Qf7 24. Bg3 Rae8 25.
b4 h5 26. Qh4 cxb4 27. Qd4 Qb7 28. Rc1 Rf7 29. Rc7 Rxc7 30. dxc7 Qc6 31. Bf3 a5 32. Bxh5 Rf8 33. Bg4 Nc8 34. Qe5 Re8 35. Qf5 a4 36. Qxc8 Rxc8 37. Bxc8 b3 38. axb3 axb3 39. Bf5 b2 40.
Be5 g6 41. Bg4 Qc1+ 42. Kg2 b1=Q 0-1

[Event "*** Titled Tuesday Blitz"]
[Site "Chess.com"]
[Date "2018.05.01"]
[Round "6"]
[White "vugarrasulov"]
[Black "MikaelyanArman"]
[Result "1-0"]
[WhiteElo "2734"]
[BlackElo "2619"]
[TimeControl "180+2"]
[EndTime "14:22:09 PDT"]
[Termination "vugarrasulov won by resignation"]

1. d4 d5 2. Nf3 Nf6 3. Bf4 c5 4. e3 Nc6 5. Nbd2 e6 6. c3 Bd6 7. Bg3 O-O 8. Bb5 Be7 9. O-O Nh5 10.
Bxc6 Nxg3 11. hxg3 bxc6 12. Ne5 Qb6 13. b3 f6 14. Nef3 cxd4 15. exd4 c5 16. dxc5 Bxc5 17.
c4 Bb7 18. cxd5 Bxd5 19. Qe2 Rad8 20. Rad1 Rfe8 21. g4 h6 22. Ne4 Bf8 23. Nc3 Bb7 24. Rxd8 Rxd8 25. Re1 Bb4 26. Na4 Qc6 27. Rd1 Rxd1+ 28.
Qxd1 Qd5 29. Qxd5 Bxd5 30. Nd4 Kf7 31. Nc2 Bd2 32. Nc5 Ke7 33. f3 Kd6 34. Nd3 e5 35.
Nf2 Ba5 36. Kf1 Ke6 37. Ke2 g6 38. Ne3 Bb7 39. Nc4 Bc7 40. Nd3 Kd5 41. Ne3+ Kd4 42. Kd2 Ba6 43. Nc2+ Kd5 44. Ncb4+ Kd4 45. Nxa6 Ba5+ 46.
b4 Bb6 47. Nac5 Kc4 48. Nd7 Bd8 49. Nf8 a5 50. bxa5 Bxa5+ 51. Ke2 g5 52. Ng6 Kd4 53. Ne7 e4 54. Nf5+ Kd5 55. Nf2 exf3+ 56. gxf3 Kc4 57. Nxh6 Kb4 58. Ne4 Bd8 59. Ng8 Ka3 60. Ngxf6 Kxa2 61. Nh7 1-0

[Event "*** Titled Tuesday Blitz"]
[Site "Chess.com"]
[Date "2018.05.01"]
[Round "6"]
[White "2Tilted"]
[Black "Kimster98"]
[Result "0-1"]
[WhiteElo "2284"]
[BlackElo "2526"]
[TimeControl "180+2"]
[EndTime "14:22:09 PDT"]
[Termination "Kimster98 won by resignation"]

1. d4 Nf6 2. Nf3 d6 3. c4 g6 4. Nc3 Bg7 5. e4 O-O 6. Be2 Nbd7 7. O-O e5 8. Qc2 c6 9. Rd1 Qe7 10. d5 c5 11. a3 Ne8 12. b4 h6 13. bxc5 Nxc5 14.
Rb1 f5 15. Nd2 f4 16. Nb3 b6 17. Nxc5 bxc5 18. Qa4 Bd7 19. Qa6 Nc7 20. Qb7 Rfc8 21. Bd2 Qd8 22. Qb3 Rcb8 23. Qc2 Qe8 24. a4 a6 25. a5 Rb4 26. Rxb4 cxb4 27. Na2 Ba4 28. Qb2 Bxd1 29. Bxd1 Rb8 30. Bxb4 Qd7 31. Qa3 Bf8 32. Ba4 Qd8 33. Nc3 f3 34. g3 g5 35. h3 h5 36. g4 hxg4 37. hxg4 Qc8 38. Kf1 Qxg4 39.
Nd1 Qg2+ 40. Ke1 Qg1+ 41. Kd2 g4 42. Bxd6 g3 43. Qxf3 gxf2 44. Nxf2 Bxd6 45. Ng4 Rb2+ 46. Bc2 Bb4+ 47. Kd3 Qd4+ 48. Ke2 Rxc2+ 49. Kf1 Qa1+ 0-1

[Event "*** Titled Tuesday Blitz"]
[Site "Chess.com"]
[Date "2018.05.01"]
[Round "6"]
[White "Fy_Rakotomaharo"]
[Black "Jbd735"]
[Result "0-1"]
[WhiteElo "2487"]
[BlackElo "2350"]
[TimeControl "180+2"]
[EndTime "14:22:15 PDT"]
[Termination "Jbd735 won by resignation"]

1. e4 e5 2. Nf3 Nc6 3. Bb5 a6 4.
Ba4 Nf6 5. O-O Be7 6. Re1 b5 7.
Bb3 d6 8. c3 O-O 9. h3 Na5 10.
Bc2 c5 11. d4 Qc7 12. Nbd2 Nc6 13. d5 Nd8 14. b3 Ne8 15. c4 g6 16. Nf1 Ng7 17. a4 bxc4 18. bxc4 f5 19. N3d2 Nf7 20. Rb1 Bd7 21. Ne3 f4 22. Nef1 g5 23. Nh2 h5 24. f3 Ne8 25. Qe2 Nf6 26. Bb2 Kh8 27. Kh1 Rg8 28. Rf1 Rg7 29. Bc3 Rag8 30.
a5 g4 31. fxg4 hxg4 32. hxg4 Nxg4 33. Nxg4 Bxg4 34. Qd3 Bh4 35. g3 Bxg3 36. Kg2 Rh7 37. Rh1 Ng5 38. Rxh7+ Qxh7 39. Rh1 Bh3+ 40. Kg1 Be1 41.
Rxh3 Nxh3+ 42. Kf1 Rg1+ 43. Ke2 Qh5+ 44. Nf3 Bxc3 45.
Qxc3 Ng5 46. Bd1 Rxd1 47. Kxd1 Qxf3+ 48. Qxf3 Nxf3 0-1

[Event "*** Titled Tuesday Blitz"]
[Site "Chess.com"]
[Date "2018.05.01"]
[Round "6"]
[White "TrimitziosP7"]
[Black "el-reptiliano"]
[Result "0-1"]
[WhiteElo "2502"]
[BlackElo "1675"]
[TimeControl "180+2"]
[EndTime "14:22:15 PDT"]
[Termination "el-reptiliano won by resignation"]

1. Nf3 d5 2. c4 e6 3. e3 Nf6 4.
Nc3 Be7 5. d4 O-O 6. Be2 c5 7.
O-O cxd4 8. Nxd4 dxc4 9. Bxc4 Nc6 10. Nxc6 bxc6 11. Qf3 Nd5 12. Rd1 Qc7 13. e4 Nxc3 14. Qxc3 Bf6 15. Qc2 Rb8 16. Be3 Rxb2 17. Qa4 Bd7 18.
Rac1 a5 19. Bb3 Rd8 20. Bd4 Bxd4 21. Qxd4 Re2 22. Bc4 c5 23. Qd3 Rb2 24. Bb3 Qf4 25.
Qg3 Qf6 26. Rxc5 a4 27. e5 Qe7 28. Rc2 Rxc2 29. Bxc2 Bc6 30. Rd6 Rxd6 31. exd6 Qd7 32. Qd3 f5 33. Qd4 Kf7 34. h3 Qe8 35. Qc5 Qd7 36. a3 g6 37. Bb1 Qb7 38. Ba2 Bxg2 39. Qc7+ Qxc7 40. dxc7 Bb7 41. f4 Ke7 42. Kf2 Kd7 43.
Ke3 Bg2 44. h4 Bd5 45. Bxd5 exd5 46. Kd4 Kxc7 47. Kxd5 Kd7 48. Kc5 h6 49. Kd5 Ke7 50. Ke5 Kf7 51. h5 Kg7 52. Ke6 gxh5 53. Kxf5 Kf7 54.
Ke4 Kf6 55. Kf3 Kf5 56. Kg3 Ke4 57. Kh4 Kxf4 58. Kxh5 Ke4 59. Kxh6 Kd4 60. Kg5 Kc3 61.
Kf4 Kb3 62. Ke3 Kxa3 63. Kd2 Kb2 0-1

[Event "*** Titled Tuesday Blitz"]
[Site "Chess.com"]
[Date "2018.05.01"]
[Round "6"]
[White "LisikValera"]
[Black "MartinMatthiesen"]
[Result "1/2-1/2"]
[WhiteElo "2415"]
[BlackElo "2361"]
[TimeControl "180+2"]
[EndTime "14:22:20 PDT"]
[Termination "Game drawn - insufficient material"]

1. d4 Nf6 2. Nf3 e6 3. c4 d5 4. Nc3 c6 5. cxd5 exd5 6. Bg5 h6 7. Bh4 Bf5 8. Qb3 g5 9. Bg3 Qb6 10. e3 Nbd7 11. Be2 Be7 12. O-O O-O 13. Ne5 Nxe5 14. Bxe5 Ne4 15. Nxe4 Bxe4 16. Qc3 Qb4 17. Rac1 Qxc3 18.
Rxc3 a5 19. a3 a4 20. Bd1 Rfe8 21. Bc2 Bxc2 22. Rxc2 Bf8 23. g4 Bg7 24. Bxg7 Kxg7 25.
Rc3 Re4 26. f3 Re6 27. Kf2 Kg6 28. Rh1 f5 29. gxf5+ Kxf5 30. h3 h5 31. Rg1 Rg8 32.
b3 axb3 33. Rxb3 Re7 34. a4 g4 35. hxg4+ hxg4 36. Rxg4 Rxg4 37. fxg4+ Kxg4 38. a5 Rf7+ 39. Ke2 Rh7 40. Rb6 Rh2+ 41. Kd3 Ra2 42. Rxb7 Rxa5 43.
Rg7+ Kf3 44. Rf7+ Kg3 45. Rf6 Ra3+ 46. Kd2 Ra2+ 47. Kd3 Ra3+ 48. Kd2 Ra2+ 49. Kc3 Ra3+ 50. Kb4 Rxe3 51. Rxc6 Kf4 52. Kc5 Rh3 53. Rf6+ Ke4 54.
Re6+ Kd3 55. Kxd5 Rh4 56. Kc5 Rxd4 57. Rd6 Rxd6 58. Kxd6 1/2-1/2

[Event "*** Titled Tuesday Blitz"]
[Site "Chess.com"]
[Date "2018.05.01"]
[Round "6"]
[White "AnishGiri"]
[Black "TigranLPetrosyan"]
[Result "0-1"]
[WhiteElo "2824"]
[BlackElo "2705"]
[TimeControl "180+2"]
[EndTime "14:22:21 PDT"]
[Termination "TigranLPetrosyan won by resignation"]

1. e4 g6 2. d4 Bg7 3. Nf3 d6 4. Be3 Nf6 5. Nc3 c6 6. Qd2 b5 7. Bd3 Bg4 8. O-O-O O-O 9. Bh6 Nbd7 10. Ne2 e5 11. Bxg7 Kxg7 12. dxe5 dxe5 13. Qe3 Qb6 14.
Qxb6 axb6 15. a3 Nc5 16. h3 Bxf3 17. gxf3 Rfd8 18. Kd2 Nh5 19. Ke3 Ne6 20. c4 Nhf4 21. cxb5 c5 22. Nxf4 Nxf4 23. Bc4 Rd4 24. Rxd4 cxd4+ 25. Kd2 h5 26. Bd5 Ra5 27. Bc6 h4 28. Kc2 Kf6 29. Kb3 Ra7 30. Kc4 Ke7 31. Rh2 Kd6 32.
Rh1 g5 33. Rh2 f6 34. Rh1 d3 35. Kc3 Ra4 36. Bd5 Rd4 37. Bb3 d2 38. Bd1 Kc5 39. b4+ Kxb5 40. a4+ Kc6 41. Kb3 Nd3 42. Rf1 Nxb4 43.
Kc3 Kc5 44. Be2 Na2+ 45. Kb2 Nc1 46. Bd1 Nd3+ 47. Kc3 Nf4 48. Rh1 Rd3+ 49. Kb2 Kb4 50. Rh2 Rc3 0-1

[Event "*** Titled Tuesday Blitz"]
[Site "Chess.com"]
[Date "2018.05.01"]
[Round "6"]
[White "juniortay"]
[Black "Blitzstream"]
[Result "0-1"]
[WhiteElo "2350"]
[BlackElo "2475"]
[TimeControl "180+2"]
[EndTime "14:22:21 PDT"]
[Termination "Blitzstream won on time"]

1. e4 g6 2. d4 Bg7 3. Nc3 b6 4. h3 Bb7 5. Nf3 e6 6. Bd3 Ne7 7. Be3 d6 8. O-O Nd7 9. a4 a6 10. Qd2 h6 11. Rfe1 c5 12. Ne2 Qc7 13. c3 g5 14. Ng3 Nf6 15. e5 dxe5 16. dxe5 Nd7 17. Nh5 Bxe5 18. Nxe5 Qxe5 19. Bf4 Qd5 20. Be4 Qxd2 21.
Bxd2 Bxe4 22. Rxe4 O-O-O 23. c4 Nc6 24. Bc3 e5 25. g4 Nd4 26. a5 b5 27. cxb5 axb5 28. a6 Nc6 29. Ng7 Kc7 30. Nf5 h5 31. Kg2 hxg4 32.
hxg4 f6 33. Ree1 Nb6 34. Rh1 Nd5 35. Bd2 Kb6 36. Rxh8 Rxh8 37. Nd6 Ra8 38. Rh1 Rxa6 39. Rh7 Nce7 40. Kf3 Ra2 41. Bc1 Ra1 42. Bd2 Rb1 43.
Ke4 Rxb2 44. Be3 Kc6 45. Ne8 b4 46. Rh6 b3 47. Nxf6 Nxf6+ 48. Rxf6+ Kb5 49. Re6 Nc6 50. Kd5 Nb4+ 51. Kxe5 Rc2 0-1

[Event "*** Titled Tuesday Blitz"]
[Site "Chess.com"]
[Date "2018.05.01"]
[Round "6"]
[White "lucasmito"]
[Black "Kirill_Klukin"]
[Result "1-0"]
[WhiteElo "2366"]
[BlackElo "2483"]
[TimeControl "180+2"]
[EndTime "14:22:23 PDT"]
[Termination "lucasmito won by resignation"]

1. e4 c5 2. Nf3 Nc6 3. d4 cxd4 4. Nxd4 e5 5. Nb5 d6 6. N1c3 a6 7. Na3 Be7 8. Nc4 b5 9. Ne3 Nf6 10. Ned5 Nxd5 11. Nxd5 O-O 12. a4 Rb8 13. Be3 Bg5 14.
axb5 axb5 15. Be2 Be6 16. O-O Bxe3 17. Nxe3 Qc7 18. Nd5 Bxd5 19. exd5 Nd4 20. Bd3 b4 21. Ra4 Rfc8 22. Qd2 Nxc2 23. Rc1 b3 24. Rc4 Qxc4 25.
Bxc4 Rxc4 26. g3 h6 27. Qd3 Rd4 28. Qc3 Rxd5 29. Qc7 Rdb5 30. Qxd6 e4 31. Rd1 e3 32. fxe3 Nxe3 33. Rd3 Nc4 34. Qd4 Ne5 35. Re3 f6 36. Rc3 Kh7 37. Qe4+ Kg8 38. Qf5 R5b6 39. Rc7 Rd6 40.
Rc8+ Rxc8 41. Qxc8+ Kh7 42. Qf5+ Kg8 43. Qc8+ Kh7 44.
Qf5+ g6 45. Qc8 Kg7 46. Qb7+ Nf7 47. Qxb3 h5 48. Qc3 Rb6 49. b4 g5 50. Qc5 Re6 51.
b5 Ne5 52. b6 Nf3+ 53. Kf2 g4 54. b7 1-0

[Event "*** Titled Tuesday Blitz"]
[Site "Chess.com"]
[Date "2018.05.01"]
[Round "6"]
[White "grzechu96"]
[Black "Storne89"]
[Result "1/2-1/2"]
[WhiteElo "2482"]
[BlackElo "2527"]
[TimeControl "180+2"]
[EndTime "14:22:25 PDT"]
[Termination "Game drawn by agreement"]

1. e4 e5 2. Nf3 Nc6 3. d4 exd4 4. Nxd4 Nf6 5. Nxc6 bxc6 6. e5 Nd5 7. c4 Ne7 8. Bd3 Ng6 9. O-O d6 10. exd6 Bxd6 11. Re1+ Be6 12. Bf5 O-O 13. Bxe6 fxe6 14. Qg4 Kh8 15. Nc3 Qf6 16. f3 Qf5 17. Qxf5 exf5 18.
Be3 Be5 19. Rac1 a6 20. b3 Rfd8 21. Na4 Kg8 22. Nc5 Kf7 23. Rcd1 a5 24. g3 f4 25. Bf2 Bc3 26. Rf1 Bb4 27. Nd3 Bc3 28. h4 h5 29. g4 Bf6 30. gxh5 Nxh4 31. Bxh4 Bxh4 32. Nxf4 a4 33. Nd3 axb3 34. axb3 Ra2 35. Ne5+ Ke8 36.
Rxd8+ Kxd8 37. Nxc6+ Kd7 38. Nd4 Rd2 39. Nf5 Bf6 40.
Ng3 Bd4+ 41. Kh1 c5 42. Ne4 Rb2 43. Rd1 Ke6 44. Rd2 Rxb3 45. Kg2 Rb1 46. Kg3 Kf5 47. Nxc5 Rg1+ 48. Kh2 Bxc5 49. Rd5+ Kf4 50. Rxc5 Rc1 51. Kh3 Kxf3 52. Rf5+ Ke4 53. Rg5 Kf3 54. Rg3+ Kf4 55.
Rxg7 Rh1+ 56. Kg2 Rxh5 1/2-1/2

[Event "*** Titled Tuesday Blitz"]
[Site "Chess.com"]
[Date "2018.05.01"]
[Round "6"]
[White "DenksportAcademie"]
[Black "Abdodi"]
[Result "1-0"]
[WhiteElo "2234"]
[BlackElo "2013"]
[TimeControl "180+2"]
[EndTime "14:22:25 PDT"]
[Termination "DenksportAcademie won by resignation"]

1. b3 a5 2. e4 a4 3. Nf3 Nc6 4. d4 d6 5. Bb2 Bg4 6. Bc4 e6 7. O-O Nf6 8. h3 Bxf3 9. Qxf3 Be7 10. e5 dxe5 11. dxe5 Nd7 12. Re1 O-O 13. Bd3 f5 14. exf6 Bxf6 15. Bxf6 Qxf6 16. Qxf6 Rxf6 17. Nc3 axb3 18.
axb3 Rxa1 19. Rxa1 Nc5 20. Bc4 Nb4 21. Nb5 Nxc2 22. Ra8+ Kf7 23. Nxc7 Nd4 24. Rd8 Ndxb3 25. Nxe6 Nxe6 26. Bxb3 Ke7 27. Rb8 Nc5 28. Bd5 Rb6 29. g4 Kd6 30. Bf3 Rb1+ 31. Kg2 b5 32. Rg8 Ne6 33. Be4 Rc1 34. Bxh7 Rc7 35. Rb8 Kc5 36. Bf5 Nd4 37. Bd3 b4 38. h4 b3 39. h5 Rf7 40. g5 Rd7 41. h6 gxh6 42. gxh6 Ne6 43.
h7 Rxd3 44. h8=Q Nd4 45. Qc8+ Kd5 46. Qd7+ Ke4 47. Re8+ Kf4 48. Qd6+ Kf5 49. Rf8+ Kg5 50. Qe7+ Kg4 51. Qg7+ 1-0

[Event "*** Titled Tuesday Blitz"]
[Site "Chess.com"]
[Date "2018.05.01"]
[Round "6"]
[White "StoreySniper"]
[Black "Margency"]
[Result "0-1"]
[WhiteElo "2361"]
[BlackElo "2536"]
[TimeControl "180+2"]
[EndTime "14:22:29 PDT"]
[Termination "Margency won by resignation"]

1. e4 c5 2. Nf3 d6 3. d4 cxd4 4. Nxd4 Nf6 5. f3 Qb6 6. c3 g6 7. Na3 Nc6 8. Nc4 Qd8 9. Nb5 a6 10. Nd4 Bg7 11. Be3 O-O 12. Nxc6 bxc6 13. Nb6 Rb8 14.
Nxc8 Qxc8 15. Qc2 d5 16. e5 Nd7 17. f4 f6 18. exf6 Bxf6 19. Bd3 e5 20. O-O e4 21. Be2 a5 22. b3 Qe8 23. Rad1 Qe6 24. h3 Bg7 25. Bg4 Qe7 26. c4 Nf6 27. cxd5 cxd5 28. Qd2 Rbd8 29. Bd4 Nxg4 30. hxg4 Qb4 31. Qxb4 axb4 32.
Bxg7 Kxg7 33. Rd4 Rf7 34. g5 Ra7 35. Rf2 Kf7 36. Re2 Re7 37. Rc2 Ke6 38. g4 Rd6 39.
Kf2 Rb7 40. Ke3 Ra6 41. Rc5 Rd7 42. Rxb4 Rxa2 43. Rc6+ Ke7 44. Kd4 Rd2+ 45. Ke5 e3 46. f5 e2 47. Re6+ Kf7 48. Kf4 d4 49. Rbb6 d3 50.
Rf6+ Ke7 51. Rfe6+ Kd8 52. f6 Rd1 53. Rb8+ Kc7 54. Rbe8 Rf1+ 55. Kg3 d2 56. Rxe2 d1=Q 0-1

[Event "*** Titled Tuesday Blitz"]
[Site "Chess.com"]
[Date "2018.05.01"]
[Round "6"]
[White "MFBerna"]
[Black "PrinceCharming92"]
[Result "0-1"]
[WhiteElo "2289"]
[BlackElo "2438"]
[TimeControl "180+2"]
[EndTime "14:22:32 PDT"]
[Termination "PrinceCharming92 won by resignation"]

1. e4 d5 2. exd5 Qxd5 3. Nc3 Qd6 4. d4 Nf6 5. Nf3 c6 6. Ne5 Nbd7 7. Bf4 Nd5 8. Nxd5 Qxd5 9. Qd3 Nxe5 10. dxe5 Be6 11.
Qxd5 Bxd5 12. O-O-O O-O-O 13. c4 Be4 14. Rxd8+ Kxd8 15. f3 Bg6 16. e6 fxe6 17. Be2 h5 18. Rd1+ Ke8 19. Bc7 h4 20. Rd8+ Kf7 21. Rb8 b6 22. Rb7 Rh5 23. Rxa7 b5 24. cxb5 cxb5 25. Ra5 Rc5+ 26.
Kd2 Rxc7 27. Rxb5 Kf6 28. a4 e5 29. b4 e6 30. Rb6 Rc2+ 31. Ke3 Rb2 32. Bc4 Rxb4 33.
Rxe6+ Kf5 34. Rc6 Kg5 35. a5 Ra4 36. a6 Ra5 37. Rc7 Bc5+ 38. Kd2 Kf6 39. Kc3 Be8 40.
Rc8 Bd7 41. Rc7 Ke7 42. Rb7 Kd6 43. Rb8 Ra3+ 44. Kb2 Ra4 45. Bb3 Rxa6 46. Rg8 e4 47.
fxe4 Bd4+ 48. Kc2 Bf6 49. Rb8 Ke5 50. Rb5+ Bxb5 0-1

[Event "*** Titled Tuesday Blitz"]
[Site "Chess.com"]
[Date "2018.05.01"]
[Round "6"]
[White "windking123"]
[Black "cukus"]
[Result "1-0"]
[WhiteElo "2303"]
[BlackElo "2392"]
[TimeControl "180+2"]
[EndTime "14:22:33 PDT"]
[Termination "windking123 won by resignation"]

1. a3 e5 2. c4 g6 3. Nc3 Bg7 4. Nf3 f5 5. d4 e4 6. Ng5 h6 7. Nh3 Ne7 8. e3 O-O 9. Nf4 c6 10. d5 d6 11. h4 Na6 12. Be2 Nc5 13. Bd2 a5 14. b4 axb4 15. axb4 Rxa1 16. Qxa1 Nb3 17.
Qb2 Nxd2 18. Kxd2 b5 19. cxb5 cxd5 20. Qb3 Kh7 21. Ncxd5 Nxd5 22. Qxd5 Qf6 23. Qb3 d5 24. h5 g5 25. Nxd5 Rd8 26. Bc4 Be6 27. Ke2 Qf7 28.
Rd1 Qxh5+ 29. Ke1 Qh1+ 30. Bf1 Bxd5 31. Rxd5 Rc8 32. Rc5 Ra8 33. Rc1 Rb8 34. Qd5 Rf8 35.
b6 Qh2 36. Rc7 g4 37. Qd7 Rg8 38. Qxf5+ Kh8 39. Qxe4 g3 40. Bd3 gxf2+ 41. Ke2 Qh5+ 42. g4 f1=Q+ 43. Kxf1 Rf8+ 44. Kg2 Rf2+ 45. Kxf2 Qh2+ 46.
Kf1 Qh3+ 47. Ke2 Qh2+ 48. Kd1 Qg1+ 49. Ke2 Qh2+ 50. Kf1 Qh3+ 51. Qg2 Qxe3 52. Rc8+ Bf8 53. Rxf8+ Kg7 54. Qf3 1-0

[Event "*** Titled Tuesday Blitz"]
[Site "Chess.com"]
[Date "2018.05.01"]
[Round "6"]
[White "krzyzan94"]
[Black "ilmago"]
[Result "0-1"]
[WhiteElo "2589"]
[BlackElo "1944"]
[TimeControl "180+2"]
[EndTime "14:22:39 PDT"]
[Termination "ilmago won by resignation"]

1. e4 c5 2. Nf3 d6 3. d4 cxd4 4. Nxd4 Nf6 5. Nc3 e6 6. g4 h6 7. h4 Nc6 8. g5 hxg5 9. Bxg5 Be7 10. Qd2 d5 11. exd5 Nxd5 12. Bxe7 Ndxe7 13. Bb5 Bd7 14. O-O-O a6 15. Bc4 Nxd4 16. Qxd4 Nf5 17. Qe5 Rxh4 18.
Ne4 Rc8 19. Bb3 Qe7 20. Ng3 Rc5 21. Rxh4 Qg5+ 22. f4 Rxe5 23. Rh8+ Ke7 24. fxg5 Nxg3 25. Rg8 g6 26. Rb8 Bc6 27. Rc8 Rxg5 28. Rc7+ Kf6 29. a4 Ne2+ 30. Kb1 Re5 31. Bc4 Nf4 32. Bxa6 Nd5 33.
Rf1+ Rf5 34. Rxf5+ gxf5 35. Rc8 Ne7 36. Ra8 bxa6 37.
Rxa6 f4 38. b4 f3 39. b5 Bb7 40. Ra7 f2 41. Rxb7 f1=Q+ 42. Kb2 Qf3 43. Rc7 Nd5 44.
Rc4 Ne3 45. Rc6 Nd1+ 46. Kc1 Nc3 47. Ra6 Qe3+ 48. Kb2 Qd4 49. Kb3 Nd5 50. Rc6 Qb4+ 51. Ka2 Qxa4+ 0-1

[Event "*** Titled Tuesday Blitz"]
[Site "Chess.com"]
[Date "2018.05.01"]
[Round "6"]
[White "ENEASZ"]
[Black "Firouzja2003"]
[Result "0-1"]
[WhiteElo "2454"]
[BlackElo "2869"]
[TimeControl "180+2"]
[EndTime "14:22:40 PDT"]
[Termination "Firouzja2003 won by checkmate"]

1. e4 c5 2. c3 Nf6 3. e5 Nd5 4. d4 cxd4 5. Nf3 Nc6 6. cxd4 d6 7. Bc4 Nb6 8. Bb5 Bd7 9. exd6 e6 10. O-O Bxd6 11. Nc3 Ne7 12. Bd3 Bc6 13. h3 Ng6 14. Bg5 Be7 15. Bxe7 Nxe7 16. Re1 h6 17. Ne5 O-O 18. Qg4 Nd7 19. Rad1 Nf6 20. Qh4 Ned5 21. Nxc6 bxc6 22. Ne4 Rb8 23. b3 Rb4 24. Nxf6+ Qxf6 25. Qxf6 gxf6 26. Bc4 Rd8 27. g3 Ne7 28. g4 Ng6 29. Kg2 Rb7 30. Be2 Rbd7 31. Rc1 Rxd4 32. Rxc6 Rd2 33.
Ra6 Rc8 34. Bc4 Rc7 35. Kg3 Ne5 36. Re4 Rc2 37. f4 Rc3+ 38. Kg2 Nxc4 39. Rxc4 R3xc4 40. bxc4 Rxc4 41. Kg3 Rc7 42. f5 Re7 43. Kf4 e5+ 44. Ke4 Kg7 45. h4 Rd7 46. a4 Rd4+ 47. Kf3 Rd3+ 48. Kf2 Rd4 49. Kf3 h5 50. g5 Rf4+ 51. Ke3 fxg5 52. hxg5 Rxf5 53. Rxa7 Rxg5 54. a5 h4 55. Rb7 h3 56. a6 h2 57. a7 h1=Q 58. a8=Q Rg3+ 59. Kd2 Qh2+ 60. Ke1 Rg1# 0-1

[Event "*** Titled Tuesday Blitz"]
[Site "Chess.com"]
[Date "2018.05.01"]
[Round "6"]
[White "DrZeiss"]
[Black "chessking2151"]
[Result "1-0"]
[WhiteElo "2231"]
[BlackElo "2419"]
[TimeControl "180+2"]
[EndTime "14:22:47 PDT"]
[Termination "DrZeiss won by resignation"]

1. e4 c5 2. Nf3 e6 3. d4 cxd4 4. Nxd4 Nc6 5. Nb5 Nf6 6. N1c3 d6 7. Bf4 e5 8. Bg5 a6 9. Na3 b5 10. Nd5 Be7 11. Bxf6 Bxf6 12. c3 O-O 13. Nc2 Be6 14. Be2 Bxd5 15. Qxd5 Ne7 16. Qd3 Qc7 17. Bg4 Rfd8 18. Nb4 Qb7 19. Rd1 d5 20. Nxd5 Nxd5 21. exd5 e4 22. Qd2 Be5 23. O-O g6 24. f4 Bc7 25. f5 e3 26. Qd3 Bb6 27. Kh1 Rd6 28.
b3 Rad8 29. c4 Qe7 30. Be2 b4 31. Rf3 Bc5 32. Rdf1 Rf8 33. Qd1 Qe5 34. Qe1 f6 35. Qh4 g5 36. Qh6 Qe7 37. h4 Qg7 38. Qh5 Qf7 39.
Qxf7+ Rxf7 40. hxg5 fxg5 41. g4 Kg7 42. Kg2 Kf6 43.
Rh1 Ke5 44. Rfh3 Rdd7 45. Rh6 a5 46. Kf3 Kd4 47. Ra6 Ra7 48. Rhh6 Kc3 49. Rhc6 Rxa6 50.
Rxa6 h5 51. Rxa5 Kd2 52. Rxc5 hxg4+ 53. Kxg4 Kxe2 54. d6 Kf2 55. Re5 e2 56. c5 Rd7 57.
f6 e1=Q 58. Rxe1 Kxe1 59. Kxg5 Ke2 60. Kg6 Kd3 61. f7 Rd8 62. Kg7 Kc3 63. f8=Q 1-0

[Event "*** Titled Tuesday Blitz"]
[Site "Chess.com"]
[Date "2018.05.01"]
[Round "6"]
[White "FearNoEvil12"]
[Black "tteshan"]
[Result "0-1"]
[WhiteElo "1972"]
[BlackElo "1990"]
[TimeControl "180+2"]
[EndTime "14:23:00 PDT"]
[Termination "tteshan won on time"]

1. e4 c5 2. Nc3 e6 3. f4 Nc6 4. Nf3 d5 5. Bb5 Ne7 6. Qe2 d4 7. Nd1 a6 8. Bxc6+ Nxc6 9. d3 Be7 10. O-O O-O 11. g4 f6 12. Kh1 e5 13. f5 Kf7 14.
Nf2 Ke8 15. Rg1 Kd7 16. c3 Kc7 17. cxd4 Nxd4 18. Nxd4 Qxd4 19. Be3 Qb4 20. Rgc1 Kb8 21. a3 Qb5 22. Nd1 g6 23. Nc3 Qa5 24. Nd5 Bd6 25. b4 cxb4 26. Bb6 Qb5 27. Qc2 b3 28. Qb2 gxf5 29. gxf5 Bd7 30. Rc3 a5 31. Rxb3 Qa6 32. Rb1 Bc6 33. Qc3 a4 34. R3b2 Bxd5 35. exd5 Rf7 36. Be3 Rc7 37. Qd2 Rd7 38. Rb6 Qa5 39. Qb2 Qxd5+ 40. Kg1 Rg7+ 41. Kf1 Qxd3+ 42. Kf2 Qd5 43.
Rxd6 Rg2+ 44. Kf1 Qf3+ 45. Bf2 Rxf2+ 46. Qxf2 Qh1+ 47. Ke2 Qxb1 48. Qc5 Qb2+ 49. Kf3 Qb3+ 50. Kg4 h5+ 51. Kxh5 Qh3+ 52. Kg6 Qg4+ 53. Kf7 Qh5+ 54.
Ke7 Qh7+ 55. Ke6 Qc7 56. Qb4 Ra7 0-1